 Dungeon Crawl Stone Soup version 0.30.1-11-g7821555f0a (webtiles) character file.

Game seed: 8054098023500252263

52 Peon the Trooper (level 3, -2/49 HPs)
             Began as an Armataur Berserker on Dec 10, 2023.
             Was a Believer of Trog.
             Slain by a gnoll
             ... wielding a +0 spear
              (6 damage)
             ... on level 2 of the Dungeon.
             The game lasted 00:01:58 (762 turns).

Peon the Trooper (Armataur Berserker)                Turns: 762, Time: 00:01:59

Health: -2/49      AC:  4    Str: 24    XL:     3   Next: 60%
Magic:  3/3        EV:  9    Int:  7    God:    Trog [**....]
Gold:   86         SH:  0    Dex:  9    Spells: 2/2 levels left

rFire   . . .        a - +0 hand axe
rCold   . . .        (no shield)
rNeg    . . .        b - +0 animal skin
rPois   .            (no helmet)
rElec   .            (no cloak)
rCorr   .            (no gloves)
SInv    .            (no barding)
Will    .....        (no amulet) Stlth
                     (no ring)
HPRegen 0.28/turn    (no ring)
MPRegen 0.08/turn

%: roll
@: berserking, very quick
A: large, rugged brown scales 3, deformed body, armoured tail, roll, long
tongue, awkward tongue
a: Renounce Religion, Berserk, Trog's Hand


You were on level 2 of the Dungeon.
You worshipped Trog.
Trog was pleased with you.
You visited 1 branch of the dungeon, and saw 2 of its levels.

You collected 86 gold pieces.

Inventory:

Hand Weapons
 a - a +0 hand axe (weapon)
Armour
 b - a +0 animal skin (worn)
Jewellery
 i - a +6 ring of intelligence
Scrolls
 c - 2 scrolls of poison {unknown}
 d - a scroll of identify {unknown}
 g - a scroll of vulnerability {unknown}
Potions
 e - 2 potions of heal wounds {unknown}
 f - a potion of might {unknown}
 h - a potion of curing {unknown}
 j - a potion of lignification {unknown}


   Skills:
 * Level 3.2 Fighting
 * Level 3.0 Axes
 * Level 3.1 Armour
 + Level 1.6 Dodging


You had 2 spell levels left.
You didn't know any spells.
Your spell library was empty.

Dungeon Overview and Level Annotations

Branches:
Dungeon (2/15)

Altars:


Innate Abilities, Weirdness & Mutations

You are completely covered in rugged brown scales. (AC +3, +7% HP)
Armour fits poorly on your strangely shaped body.
You have a long armoured tail.
You roll when moving toward enemies. (Rampage)
Your long tongue fully drains potion bottles. (2x potion effects)
Your tongue gives you trouble enunciating. (1.5x scroll delay)


Message History

You are too injured to fight recklessly!
You are too injured to fight recklessly!
The gnoll shouts!
You slash the gnoll!
The gnoll is severely wounded.
You slash the endoplasm!
You kill the endoplasm!
Trog accepts your kill.
You hit the gnoll but do no damage.
The gnoll is severely wounded.
You hit the gnoll. You punch the gnoll.
The gnoll is severely wounded.
You hit the gnoll. You closely miss the gnoll.
The gnoll is severely wounded.
You hit the gnoll.
You kill the gnoll!
Trog accepts your kill.
You can now call upon Trog for regeneration and willpower.
The gnoll hits you with a +0 flail!
* * * LOW HITPOINT WARNING * * *
You barely miss the gnoll.
Your tail-slap misses the gnoll.
The gnoll is severely wounded.
The gnoll barely misses you. The gnoll hits you but does no damage.
You barely miss the gnoll.
The gnoll is severely wounded.
You slash the gnoll!
You kill the gnoll!
Trog accepts your kill.
The gnoll hits you from afar with a +0 spear.
* * * LOW HITPOINT WARNING * * *
Your Axes skill increases to level 3!
The gnoll hits you with a +0 spear.
* * * LOW HITPOINT WARNING * * *
The gnoll misses you.
You see here a +0 flail.
You completely miss the gnoll. The gnoll hits you with a +0 spear.
* * * LOW HITPOINT WARNING * * *
The gnoll hits you from afar with a +0 spear.
You die...

#.##.#.# ##.
#......# #..
####.### #.. #.#
#.. ###.##### #.<
#### #.......#
#.. #....
#.#####.#######..
#....g##.##
........
#.....g@).#
........
#.....##.......
........ #..).
#....... ######†.
#### #.$.....#
#<. #.#.##.##
#... #.... .#
##.. ###.## # #..
... ##.


You could see 2 gnolls.

Vanquished Creatures
  2 gnolls (D:2)
  3 bats (D:1)
  5 endoplasms
  3 giant cockroaches
  4 goblins (D:1)
  2 hobgoblins
  A jackal (D:1)
  3 ball pythons (D:1)
  2 frilled lizards
  2 kobolds (D:1)
  2 rats (D:1)
29 creatures vanquished.

Notes
Turn   | Place    | Note
-------+----------+-------------------------------------------
     0 | D:1      | Peon the Armataur Berserker began the quest for the Orb.
     0 | D:1      | Reached XP level 1. HP: 19/19 MP: 1/1
   120 | D:1      | Found a faded altar of an unknown god.
   177 | D:1      | Reached XP level 2. HP: 26/26 MP: 2/2
   685 | D:2      | Reached XP level 3. HP: 33/33 MP: 3/3
   757 | D:2      | Reached ** piety under Trog
   762 | D:2      | Slain by a gnoll

Illustrated notes

Levels and vault maps discovered:
D:1:      co_arrival_square_in_a_square_in_a_square, layout_loops_cross,
          ebering_ecumenical_altar_mist, minmay_pentomino_s4
D:2:      layout_loops_cross

Skill      XL: |  1  2  3 |
---------------+----------+-----
Fighting       | 3 |  3.2
Armour         | 3 |  3.1
Axes           | 3 |  3.0
Dodging        | |  1.6

Action                     || total
---------------------------++-------
  Melee: Hand axe          ||    75
         Tailslap          ||     7
         Punch             ||     1
 Invoke: Berserk           ||     2
   Stab: Sleeping          ||     1
 Armour: Animal skin       ||    21
  Dodge: Dodged            ||    29
